 Dungeon Crawl Stone Soup version 0.27-a0-1332-g84bddb5ca7 (webtiles) character file.

Game seed: 2116778918365378223

74 senseless the Ruffian (level 4, -13/41 HPs)
             Began as a Troll Transmuter on June 25, 2021.
             Blown up by Ijyb (25 damage)
             ... with a mindburst bolt
             ... on level 3 of the Dungeon.
             The game lasted 00:04:12 (1792 turns).

senseless the Ruffian (Troll Transmuter)            Turns: 1792, Time: 00:04:12

Health: -13/41     AC:  4    Str: 18    XL:     4   Next: 9%
Magic:  4/5        EV: 10    Int: 10    God:
Gold:   28         SH:  0    Dex: 10    Spells: 5/6 levels left

rFire    . . .     SeeInvis .     - Unarmed
rCold    . . .     Faith    .   (no shield)
rNeg     . . .     Spirit   .   a - +0 robe
rPois    .         Reflect  .   (helmet currently unavailable)
rElec    .         Harm     .   (no cloak)
rCorr    .         Rampage  .   (gloves unavailable)
Will     .....                  (boots unavailable)
Stlth    +.........             (no amulet)
HPRegen  1.13/turn              (no ring)
MPRegen  0.09/turn              (no ring)

@: appendages (expiring)
A: horns 2, talons 2, large, unfitting armour, claws 3, regeneration 1, shaggy
fur 1, tough skin 1
a: End Transformation


You were on level 3 of the Dungeon.
You had temporarily grown beastly horns and talons.
You visited 1 branch of the dungeon, and saw 3 of its levels.

You collected 28 gold pieces.

Inventory:

Missiles
 f - 119 stones
Armour
 a - a +0 robe (worn)
Jewellery
 e - a ring of ice
Wands
 g - a wand of iceblast (8)
Scrolls
 c - 2 scrolls of fear
 h - 2 scrolls of teleportation
Potions
 b - a potion of mutation {unknown}
 d - a potion of curing {unknown}


   Skills:
 + Level 1.5 Fighting
 + Level 2.1 Dodging
 + Level 3.4 Unarmed Combat
 + Level 1.6 Spellcasting
 + Level 1.9 Transmutations


You had 5 spell levels left.
You knew the following spells:

 Your Spells              Type           Power      Damage    Failure   Level
a - Beastly Appendage     Tmut           8%         N/A       14%         1

Your spell library contained the following spells:

 Spells                   Type           Power      Damage    Failure   Level
 Wereblood                Tmut           4%         N/A       22%         2
 Sandblast                Erth           0%         2d4       32%         1
 Passwall                 Tmut/Erth      1%         N/A       32%         2
 Spider Form              Tmut/Pois      1%         N/A       54%         3
 Stone Arrow              Conj/Erth      0%         3d7       69%         3
 Ice Form                 Ice/Tmut       2%         N/A       91%         4
 Petrify                  Tmut/Erth      2%         N/A       91%         4
 Lee's Rapid Deconstruct  Erth           0%         3d5*      100%        5


Dungeon Overview and Level Annotations

Branches:
Dungeon (3/15)

Altars:

Annotations:
D:3 Ijyb


Innate Abilities, Weirdness & Mutations

You have temporarily grown beastly horns and talons.
You are too large for most types of armour.
You have claws for hands.
Your natural rate of healing is unusually fast.
You are covered in fur. (AC +1)
You have tough skin. (AC +1)


Message History

You miss the bat. You claw the bat.
You kill the bat!
Your horns disappear.
Your talons disappear.
Found a stone staircase leading up.
A ball python comes into view.
The ball python hisses angrily.
You grow a pair of large bovine horns.
Your feet morph into talons.
The ball python bites you.
You scratch the ball python.
You kill the ball python!
No target in view!
Ijyb the Twisted Goblin comes into view.
She is wielding a +1 dagger of protection and carrying a wand of mindburst (7).
Your transformation is almost over.
You start resting.
Magic restored.
You start waiting.
Your horns disappear.
Your talons disappear.
You grow a pair of large bovine horns.
Your feet morph into talons.
Your transformation is almost over.
You see here a ball python corpse.
Ijyb shouts!
Ijyb misses you.
You barely miss Ijyb. You claw Ijyb, but do no damage.
You headbutt Ijyb, but do no damage.
Ijyb hits you with a +1 dagger of protection.
You scratch Ijyb. Your claw misses Ijyb.
Ijyb is lightly wounded.
Ijyb hits you but does no damage.
You claw Ijyb! Your kick misses Ijyb. Your headbutt misses Ijyb.
Ijyb is heavily wounded.
Ijyb zaps a wand.
Your mind is blasted!
Ouch! That really hurt!
* * * LOW HITPOINT WARNING * * *
You are too injured to fight recklessly!
You are too injured to fight recklessly!
You miss Ijyb. You claw Ijyb, but do no damage. Your headbutt misses Ijyb.
Ijyb is heavily wounded.
Ijyb zaps a wand.
Your mind is blasted!
Ouch! That really hurt!
You die...

#...##
##.#### ##..
.# #...#
#.#####....
#.### #
#...#...# #.#
#.###.<...#
#..
#.........#
#....†....#.#
#.###.......#
# ##.###.##
#@# #
#..g.....#
............#
.##.........#
.......#####
#####....
..... ##....


You could see Ijyb.

Vanquished Creatures
  3 adders (D:2)
  2 worms (D:2)
  A dart slug (D:2)
  An orc (D:3)
  4 endoplasms
  4 giant cockroaches
  3 hobgoblins
  2 jackals (D:1)
  4 ball pythons
  3 bats
  2 frilled lizards
  4 goblins
  3 kobolds (D:2)
  2 rats
38 creatures vanquished.

Notes
Turn   | Place    | Note
-------+----------+-------------------------------------------
     0 | D:1      | senseless the Troll Transmuter began the quest for the Orb.
     0 | D:1      | Reached XP level 1. HP: 18/18 MP: 1/1
   286 | D:1      | Found a faded altar of an unknown god.
   295 | D:1      | Reached skill level 1 in Fighting
   299 | D:1      | Reached XP level 2. HP: 21/27 MP: 0/3
   861 | D:2      | Reached XP level 3. HP: 33/33 MP: 2/4
  1580 | D:3      | Reached XP level 4. HP: 41/41 MP: 3/5
  1774 | D:3      | Noticed Ijyb
  1792 | D:3      | Blown up by Ijyb

Illustrated notes

Levels and vault maps discovered:
D:1:      dpeg_arrival_chambers_temple_mockup, layout_rooms,
          hellmonk_ecumenical_altar_dog_temple
D:2:      layout_loops_ring, minmay_distorted
D:3:      layout_rooms, bh_walls_and_bars, uniq_ijyb

Skill      XL: |  1  2  3 |
---------------+----------+-----
Fighting       | 1 |  1.5
Dodging        | 2 |  2.1
Unarmed Combat | |  3.4
Spellcasting   | |  1.6
Transmutations | |  1.9

Action                   |  1- 3 |  4- 6 || total
-------------------------+-------+-------++-------
Melee: Unarmed           |    77 |    20 ||    97
       Kick              |    10 |     7 ||    17
       Headbutt          |     7 |     3 ||    10
       Punch             |     2 |       ||     2
 Cast: Beastly Appendage |    22 |     7 ||    29
  Use: Scroll            |     5 |       ||     5
Armor: Robe              |    22 |     9 ||    31
Dodge: Dodged            |    37 |     7 ||    44

Table legend: (Time is in decaauts)
 A = Elapsed time spent in this place.
 B = Non-inter-level travel time spent in this place.
 C = Inter-level travel time spent in this place.
 D = Time resting spent in this place.
 E = Time spent auto-exploring this place.
 F = Levels seen in this place.
 G = Mean time per level.
                   A        B        C        D        E       F      G
               +--------+--------+--------+--------+--------+-----+--------+
         Total |   1786 |   1642 |    144 |     16 |   1376 |   3 |  595.3 |
       Dungeon |   1786 |   1642 |    144 |     16 |   1376 |   3 |  595.3 |
               +--------+--------+--------+--------+--------+-----+--------+

Top non-repeatable levels by time:
     D:2: 822 daAuts
     D:1: 740 daAuts
     D:3: 223 daAuts
